 Dungeon Crawl Stone Soup version 0.31-a0-1242-g57893ffec4 (webtiles) character file.

Game seed: 4040109037630318082

2891 James the Grappler (level 9, -3/89 HPs)
             Began as a Troll Gladiator on Dec 16, 2023.
             Was an Initiate of Gozag.
             Slain by a boulder beetle (42 damage)
             ... on level 7 of the Dungeon.
             The game lasted 00:17:04 (6370 turns).

James the Grappler (Troll Gladiator)                Turns: 6370, Time: 00:17:06

Health: -3/89      AC:  8    Str: 28    XL:     9   Next: 48%
Magic:  8/8        EV: 10    Int:  4    God:    Gozag
Gold:   1203       SH:  0    Dex: 11    Spells: 8/8 levels left

rFire   . .          .
                       - Unarmed
rCold   + . .        (no shield)
rNeg    . . .        a - +0 robe
rPois   +            K - +2 hat
rElec   .            I - +1 cloak
rCorr   .            (gloves unavailable)
SInv    .            (boots unavailable)
Will    .....        (no amulet)
Stlth   +            k - ring of poison resistance
HPRegen 1.14/turn    o - ring of protection from cold
MPRegen 0.11/turn

%: no passive effects
@: gold aura
A: large, unfitting armour, claws 3, regeneration 1, shaggy fur 1, tough skin 1
a: Renounce Religion, Potion Petition, Call Merchant, Bribe Branch


You were on level 7 of the Dungeon.
You worshipped Gozag.
Gozag was most pleased with you.
You visited 2 branches of the dungeon, and saw 8 of its levels.
You also visited: Sewer.

You collected 1282 gold pieces.
You paid 79 gold pieces to Gozag.

Inventory:

Hand Weapons
 b - a +2 short sword of electrocution
   (You took it off an orc priest on level 6 of the Dungeon)
 C - the +3 rapier of Cymun {protect, Dex+2}
   (You found it in a sewer)

   Dex+2:     It affects your dexterity (+2).
 J - a +4 quarterstaff of chaos
   (You took it off Crazy Yiuf on level 6 of the Dungeon)
Missiles
 c - 3 throwing nets (quivered) {!f}
 d - 6 large rocks
 h - 6 javelins
 m - 2 darts of dispersal {!f}
 q - a boomerang
 u - 8 poisoned darts
Armour
 a - a +0 robe (worn)
 f - a +0 robe
   (You found it in a sewer)
 g - a +0 robe
   (You found it on level 1 of the Dungeon)
 p - a +0 robe
   (You found it on level 2 of the Dungeon)
 x - a +0 robe
   (You found it on level 4 of the Dungeon)
 D - a +0 robe
   (You took it off an orc wizard on level 5 of the Dungeon)
 G - a +0 robe
   (You found it on level 6 of the Dungeon)
 I - a +1 cloak (worn)
   (You took it off Crazy Yiuf on level 6 of the Dungeon)
 K - a +2 hat (worn)
 L - a +0 robe
   (You took it off a wight on level 7 of the Dungeon)
 M - a +0 robe
   (You took it off a wight on level 7 of the Dungeon)
 N - a +0 robe
   (You took it off a wight on level 7 of the Dungeon)
 O - a +0 robe
   (You took it off a wight on level 7 of the Dungeon)
Jewellery
 k - a ring of poison resistance (left claw)
   (You found it on level 1 of the Dungeon)
 o - a ring of protection from cold (right claw)
   (You found it on level 6 of the Dungeon)
 A - a ring of ice
   (You found it on level 4 of the Dungeon)
 R - a ring of flight
   (You found it on level 7 of the Dungeon)
Talismans
 t - a flux talisman
   (You found it on level 3 of the Dungeon)
 w - a maw talisman
   (You found it on level 6 of the Dungeon)
Scrolls
 e - a scroll of acquirement {unknown}
 i - a scroll of enchant weapon
 n - a scroll of brand weapon
 r - 2 scrolls of teleportation {@r4}
 s - 2 scrolls of fear {unknown}
 y - 3 scrolls of blinking
 B - a scroll of fog
 E - a scroll of revelation
 P - 2 scrolls of noise {unknown}
Potions
 j - 4 potions of lignification {!q}
 l - a potion of haste {@q3}
 v - 2 potions of curing {@q1}
 z - a potion of cancellation
 F - 2 potions of magic
 H - a potion of heal wounds {@q2}
 Q - a potion of invisibility {unknown}


   Skills:
 - Level 6.0 Fighting
 - Level 2.0 Throwing
 - Level 3.0 Dodging
 + Level 11.4 Unarmed Combat


You had 8 spell levels left.
You didn't know any spells.
Your spell library contained the following spells:

 Spells                   Type           Power      Damage    Failure   Level
 Static Discharge         Conj/Air       0%         3-3/arc   65%         2
 Airstrike                Air            0%         2d(0-16)  99%         4
 Summon Lightning Spire   Summ/Air       0%         N/A       99%         4


Dungeon Overview and Level Annotations

Branches:
Dungeon (7/15)             Temple (1/1) D:4           Sewer (visited)

Altars:
Cheibriados
Elyvilon
Fedhas
Gozag
Kikubaaqudgha
Makhleb
Nemelex Xobeh
Okawaru
Qazlal
Ru
Sif Muna
Trog
Uskayaw
Vehumet
Wu Jian
Xom
Yredelemnul
Zin

Annotations:
D:5 3 runed translucent doors, ongoing's ghost, novice TrFi
D:7 4 runed translucent doors


Innate Abilities, Weirdness & Mutations

You are too large for most types of armour.
You have claws for hands.
Your natural rate of healing is unusually fast.
You are covered in fur. (AC +1)
You have tough skin. (AC +1)


Message History

You barely miss the water moccasin.
You feel sick.
The water moccasin bites you but does no damage.
You miss the water moccasin.
You feel sick.
The water moccasin completely misses you.
You miss the water moccasin. Your claw misses the water moccasin.
You feel sick.
You are no longer poisoned.
The water moccasin bites you but does no damage.
The boulder beetle leaps!
You closely miss the water moccasin. The water moccasin bites you.
* * * LOW HITPOINT WARNING * * *
The water moccasin barely misses you.
You barely miss the water moccasin.
The water moccasin bites you but does no damage.
Unknown command.
You miss the water moccasin.
The boulder beetle curls into a ball and begins rolling!
The water moccasin bites you but does no damage.
Unknown command.
You barely miss the water moccasin.
The water moccasin bites you but does no damage.
You scratch the water moccasin.
You kill the water moccasin!
The boulder beetle stops rolling and uncurls.
You barely miss the white imp.
The boulder beetle curls into a ball and begins rolling!
You claw the white imp!
You kill the white imp!
You scratch the orc.
The orc is distracted by your dazzling golden aura.
The orc shouts!
You scratch the orc but do no damage.
The orc is no longer distracted by gold.
You claw the orc. The orc hits you but does no damage.
You mangle the orc!!
You kill the orc!
Unknown command.
Search for what [Enter for "weap", or ? for help]? need Can't find anything matching that.
Unknown command.
Unknown command.
Search for what [Enter for "need", or ? for help]? thro Unknown command.
Unknown command.
Unknown command.
Okay, then.
Okay, then.
You barely miss the boulder beetle. The boulder beetle hits you!!!
You die...
Your body crumbles into a pile of gold.

###........# ...........#
...........# ...........#
......∩....### ....#[.......##. .
....#........#..###### ..
....#........#.##B°..# #.#
#####........#.#@#○##.# #.#
#####........#.#.#5.# #..
.............#.#$###.. #..
########..#..#.#.#.##:# #..
#.###.###.##.#.##$#.### ##..
...........#.#..###'# #+###...
###.###.##....#.....######.......
.........#.#.......##8(:8##.###.#
#.###.##...#.###...#8....8#.#...#


You could see a boulder beetle (rolling).

Vanquished Creatures
  A steam dragon (D:6)
  Menkaure (D:7)
  An orc warrior (D:6)
  2 water moccasins
  2 sky beasts
  A black bear (D:7)
  3 ogres (D:5)
  A centaur (D:6)
  3 phantoms (D:6)
  A kobold brigand (D:7)
  4 bullfrogs
  3 scorpions
  4 wights (D:7)
  A howler monkey (D:3)
  4 hounds
  Crazy Yiuf (D:6)
  3 orc priests (D:6)
  2 jellies
  2 sleepcaps
  4 iguanas
  An orc wizard (D:5)
  4 gnolls (D:4)
  6 adders
  4 white imps
  3 ufetubi (D:6)
  3 worms
  4 dart slugs
  25 orcs
  21 endoplasms
  9 giant cockroaches
  6 goblins
  3 hobgoblins
  2 jackals (D:3)
  10 kobolds
  11 quokkas
  7 ball pythons
  2 bats (D:1)
  11 frilled lizards
  8 rats
184 creatures vanquished.

Vanquished Creatures (others)
  An ufetubus (D:6)
1 creature vanquished.

Grand Total: 185 creatures vanquished

Notes
Turn   | Place    | Note
-------+----------+-------------------------------------------
     0 | D:1      | James the Troll Gladiator began the quest for the Orb.
     0 | D:1      | Reached XP level 1. HP: 19/19 MP: 0/0
    95 | D:1      | Found a faded altar of an unknown god.
   152 | D:1      | Reached XP level 2. HP: 27/27 MP: 1/1
   456 | D:1      | Reached skill level 4 in Unarmed Combat
   833 | D:2      | Reached XP level 3. HP: 33/33 MP: 2/2
  1506 | D:3      | Reached skill level 5 in Unarmed Combat
  1506 | D:3      | Reached XP level 4. HP: 41/41 MP: 3/3
  1753 | D:3      | You fall into a shaft and drop 1 floor!
  1829 | D:4      | Reached XP level 5. HP: 45/48 MP: 4/4
  1844 | D:4      | Reached skill level 6 in Unarmed Combat
  1953 | D:4      | Found a staircase to the Ecumenical Temple.
  1961 | Temple   | Entered the Ecumenical Temple
  1975 | Temple   | Became a worshipper of Gozag Ym Sagoz the Greedy
  2147 | D:3      | Found an ancient bone altar of Kikubaaqudgha.
  3291 | D:5      | Entered Level 5 of the Dungeon
  3325 | D:5      | Reached XP level 6. HP: 52/55 MP: 5/5
  3345 | D:5      | Reached skill level 7 in Unarmed Combat
  3361 | D:5      | Found a glowing drain.
  3363 | D:5      | Found a white marble altar of Elyvilon.
  3406 | Sewer    | Entered a sewer
  3724 | Sewer    | Reached skill level 8 in Unarmed Combat
  3724 | Sewer    | Reached XP level 7. HP: 57/63 MP: 6/6
  3770 | Sewer    | Identified the +3 rapier of Cymun {protect, Dex+2}
  3909 | D:5      | Found a sacrificial altar of Ru.
  3909 | D:5      | Found a blossoming altar of Fedhas.
  4012 | D:5      | Found a radiant altar of Vehumet.
  4080 | D:5      | Found a runed translucent gate.
  4080 | D:5      | Found a runed translucent gate.
  4111 | D:5      | Found a runed translucent gate.
  4115 | D:5      | Noticed ongoing's ghost (novice TrFi)
  4116 | D:5      | Noticed a steam dragon
  4572 | D:6      | Reached skill level 5 in Fighting
  4572 | D:6      | Reached XP level 8. HP: 80/80 MP: 7/7
  5098 | D:6      | Found a runed translucent door.
  5099 | D:6      | Noticed Crazy Yiuf
  5104 | D:6      | Killed Crazy Yiuf
  5162 | D:6      | Identified the +0 chain mail of Izoakhlig {+Inv rCorr MP+9
                  | Slay-6}
  5270 | D:6      | Reached skill level 9 in Unarmed Combat
  5578 | D:6      | Found a burning altar of Makhleb.
  5699 | D:6      | Found an iron altar of Okawaru.
  5831 | D:7      | Noticed Menkaure
  5844 | D:6      | Reached XP level 9. HP: 34/89 MP: 8/8
  5951 | D:7      | Reached skill level 10 in Unarmed Combat
  6032 | D:7      | Found a large runed translucent door.
  6032 | D:7      | Found a large runed translucent door.
  6032 | D:7      | Noticed a gargoyle
  6038 | D:7      | Found a large runed translucent door.
  6038 | D:7      | Found a large runed translucent door.
  6108 | D:7      | Killed Menkaure
  6229 | D:7      | Reached skill level 11 in Unarmed Combat
  6345 | D:7      | Noticed a boulder beetle
  6370 | D:7      | Slain by a boulder beetle

Illustrated notes

Levels and vault maps discovered:
D:1:      dpeg_arrival_three_smaller_balls, layout_basic,
          ebering_ecumenical_altar_rust
D:2:      layout_loops_cross, grunt_decor_junction
D:3:      layout_basic, mainiacjoe_overflow_alcove_1
D:4:      layout_basic, minmay_temple_entry_wispy
D:5:      layout_basic, lemuel_tele_altar, nicolae_vehumet_altar_sigil,
          gammafunk_temple_overflow_statue, gammafunk_ghost_split,
          portal_sewer_entry_a
D:6:      layout_basic, marbit_many_paths, mainiacjoe_overflow_tiny_flanked,
          hangedman_abyss_or_decor_lesser_grid, uniq_crazy_yiuf_cottage
D:7:      layout_basic, nicolae_concentric_dashed_squares_wild, abandoned_shop,
          minmay_hollow_rounded_squares, uniq_menkaure
Temple:   jpeg_temple_clearing

Skill      XL: |  1  2  3  4  5  6  7  8  9 |
---------------+----------------------------+-----
Unarmed Combat | 4 5 6 8 9 11 | 11.4
Fighting       | 5 6 |  6.0
Throwing       | 2 |  2.0
Dodging        | 3 |  3.0

Action                     |  1- 3 |  4- 6 |  7- 9 || total
---------------------------+-------+-------+-------++-------
  Melee: Unarmed           |    60 |   179 |   250 ||   489
         Punch             |     2 |     1 |     8 ||    11
    Use: Scroll            |       |     9 |     8 ||    17
   Stab: Sleeping          |     1 |       |     1 ||     2
         Distracted        |       |     1 |     3 ||     4
 Armour: Robe              |    30 |    94 |   211 ||   335
  Dodge: Dodged            |    41 |    89 |   125 ||   255

Table legend: (Time is in decaauts)
 A = Elapsed time spent in this place.
 B = Non-inter-level travel time spent in this place.
 C = Inter-level travel time spent in this place.
 D = Time resting spent in this place.
 E = Time spent auto-exploring this place.
 F = Levels seen in this place.
 G = Mean time per level.
                   A        B        C        D        E       F      G
               +--------+--------+--------+--------+--------+-----+--------+
         Total |   6300 |   5791 |    509 |     98 |   4319 |   9 |  700.0 |
       Dungeon |   5905 |   5422 |    483 |     98 |   4174 |   7 |  843.6 |
        Temple |     28 |      2 |     26 |      0 |      0 |   1 |   28.0 |
         Sewer |    366 |    366 |      0 |      0 |    145 |   1 |  366.0 |
               +--------+--------+--------+--------+--------+-----+--------+

Top non-repeatable levels by time:
     D:6: 1320 daAuts
     D:4: 1148 daAuts
     D:3: 850 daAuts
     D:5: 850 daAuts
     D:1: 689 daAuts
     D:2: 637 daAuts
     D:7: 409 daAuts
   Sewer: 366 daAuts
  Temple: 28 daAuts
